 Dungeon Crawl Stone Soup version 0.19.0-9-gfd783f2 (webtiles) character file.

47 Jerry the Gusty (level 3, 0/16 HPs)
             Began as a Vine Stalker Air Elementalist on Nov 8, 2016.
             Succumbed to an adder's poison
             ... on level 2 of the Dungeon.
             The game lasted 00:05:33 (1718 turns).

Jerry the Gusty (Vine Stalker Air Elementalist)     Turns: 1718, Time: 00:05:33

Health: 0/16       AC:  2    Str:  9 (10) XL:     3   Next: 70%
Magic:  8/8        EV: 12    Int: 18 (20) God:
Gold:   97         SH:  0    Dex: 13 (15) Spells: 2 memorised, 4 levels left

rFire  . . .     SeeInvis .     e - +0 dagger
rCold  . . .     Gourm    .     a - +0 robe
rNeg   . . .     Faith    .     (no shield)
rPois  .         Spirit   +     (no helmet)
rElec  .         Reflect  .     (no cloak)
rCorr  .         Harm     .     (no gloves)
MR     .....                    (no boots)
Stlth  ++........               (no amulet)
                                (no ring)
                                (no ring)

@: brilliant, lethally poisoned (0 -> -4), very slightly contaminated
A: fangs 2, magic shield, antimagic bite, no device heal 3, rot immunity
a: no special abilities


You were on level 2 of the Dungeon.
You were not hungry.

You visited 1 branch of the dungeon, and saw 2 of its levels.

You collected 97 gold pieces.

Inventory:

Hand Weapons
 e - a +0 dagger (weapon)
Armour
 a - a +0 robe (worn)
Scrolls
 i - 2 scrolls of teleportation
Books
 b - a book of Air

   Spells                             Type                      Level
   a - Shock                          Conjuration/Air              1
   b - Swiftness                      Charms/Air                   2
   c - Repel Missiles                 Charms/Air                   2
   d - Static Discharge               Conjuration/Air              3
   e - Lightning Bolt                 Conjuration/Air              5
Comestibles
 c - 2 bread rations
 f - a meat ration
 l - a chunk of flesh


   Skills:
 + Level 0.1 Fighting
 + Level 0.8 Short Blades
 + Level 0.4 Armour
 + Level 1.6 Dodging
 - Level 2.4 Stealth
 + Level 0.2 Unarmed Combat
 + Level 2.7 Spellcasting
 + Level 1.3 Conjurations
 + Level 3.5 Air Magic


You had 4 spell levels left.
You knew the following spells:

 Your Spells              Type           Power        Failure   Level  Hunger
a - Shock                 Conj/Air       ###.         1%          1    None
b - Swiftness             Chrm/Air       ###.....     1%          2    ##.....


Dungeon Overview and Level Annotations

Branches:
Dungeon (2/15)

Altars:
Fedhas
Nemelex Xobeh
Xom


Innate Abilities, Weirdness & Mutations

You have extremely sharp teeth.
When hurt, damage is shared between your health and your magic reserves.
Your bite disrupts and absorbs the magic of your enemies.
Potions and wands cannot restore your health.
You are immune to rotting.


Message History

Blink to where?
Press: ? - help, Dir - move target cursor You are very lightly contaminated with residual magic.
As you read the scroll labeled XORUOSAMMU, it crumbles to dust.
It was a scroll of blinking.
* * * LOW HITPOINT WARNING * * *
You feel sick.
As you read the scroll labeled HYSUOTU CEFEAJ, it crumbles to dust.
It is a scroll of identify.
i - 2 scrolls of teleportation
There is a lethal amount of poison in your body!
There is a lethal amount of poison in your body!
There is a lethal amount of poison in your body!
There is a lethal amount of poison in your body!
There is a lethal amount of poison in your body!
* * * LOW HITPOINT WARNING * * *
You feel sick.
* * * LOW HITPOINT WARNING * * *
You feel sick.
You die...

##># #.# #.# #.#
#.# #.# #.#
#.###############.
#......@...†......
##################


There were no monsters in sight!

Vanquished Creatures
  2 adders (D:2)
  A worm (D:2)
  A dart slug (D:1)
  A giant cockroach (D:2)
  2 goblins (D:1)
  7 hobgoblins
  2 kobolds (D:1)
  3 bats
  5 rats
24 creatures vanquished.

Notes
Turn   | Place    | Note
-------+----------+-------------------------------------------
     0 | D:1      | Jerry the Vine Stalker Air Elementalist began the quest for the Orb.
     0 | D:1      | Reached XP level 1. HP: 9/9 MP: 4/4
   334 | D:1      | Found a shimmering altar of Xom.
   336 | D:1      | Found a blossoming altar of Fedhas.
   336 | D:1      | Found a white marble altar of Elyvilon.
   338 | D:1      | Found a deep blue altar of Sif Muna.
   338 | D:1      | Found a sparkling altar of Nemelex Xobeh.
   338 | D:1      | Found an iron altar of Okawaru.
   510 | D:1      | Reached XP level 2. HP: 6/13 MP: 3/6
   797 | D:1      | Learned a level 2 spell: Swiftness
  1470 | D:2      | Reached XP level 3. HP: 12/16 MP: 0/8
  1718 | D:2      | Succumbed to an adder's poison

Action                   || total
-------------------------++-------
Melee: Dagger            ||    69
       Unarmed           ||     3
       Bite              ||     9
 Cast: Shock             ||    26
  Use: Scroll            ||     3
       Potion            ||     3
 Stab: Sleeping          ||     4
  Eat: Chunk             ||     3
Armor: Robe              ||     7
Dodge: Dodged            ||    35
